 Dungeon Crawl Stone Soup version 0.22-a0-192-g6ffc940 (webtiles) character file.

49 4thArraOfDagon the Grasshopper (level 3, 1/14 HPs)
             Began as a Felid Wanderer on Feb 16, 2018.
             Quit the game on level 4 of the Dungeon.
             The game lasted 00:03:47 (637 turns).

4thArraOfDagon the Grasshopper (Felid Wanderer)      Turns: 637, Time: 00:03:47

Health: 1/14       AC:  1    Str:  9    XL:     3   Next: 53%
Magic:  7/7        EV: 15    Int: 13    God:
Gold:   24         SH:  0    Dex: 17    Spells: 5/6 levels left
                                        Lives:  0   Deaths: 0

rFire    . . .     SeeInvis +   (weapon unavailable)
rCold    . . .     Gourm    .   (shield unavailable)
rNeg     . . .     Faith    .   (armour unavailable)
rPois    .         Spirit   .   (helmet unavailable)
rElec    .         Reflect  .   (cloak unavailable)
rCorr    .         Harm     .   (gloves unavailable)
MR       .....                  (boots unavailable)
Stlth    +++.......             (no amulet)
HPRegen  0.04/turn              e - ring of flight
MPRegen  0.10/turn              g - +2 ring of dexterity

@: lethally poisoned (1 -> -8), quick
A: very small, no armour, no weapons or thrown items, stealth, claws 1, fangs 3,
see invisible, carnivore, speed 1, shaggy fur 1, slow metabolism 1, sharp paws
a: Evoke Flight


You were on level 4 of the Dungeon.
You were full.

You visited 1 branch of the dungeon, and saw 4 of its levels.

You collected 24 gold pieces.

Inventory:

Jewellery
 e - a ring of flight (left paw)
 g - a +2 ring of dexterity (right paw)
Scrolls
 h - 2 scrolls of identify
Books
 a - a book of Spatial Translocations

   Spells                             Type                      Level
   a - Blink                          Translocation                2
   b - Shroud of Golubria             Charms/Translocation         2
   c - Lesser Beckoning               Translocation                3
   d - Gell's Gravitas                Translocation                3
   e - Teleport Other                 Translocation                3
   f - Passage of Golubria            Translocation                4
 b - the Grimoire of Poisoning

   Spells                             Type                      Level
   a - Sting                          Conjuration/Poison           1
   b - Spider Form                    Transmutation/Poison         3
 c - the Incunabulum of Snow

   Spells                             Type                      Level
   a - Freeze                         Ice                          1
   b - Ozocubu's Armour               Charms/Ice                   3
Comestibles
 d - 2 rations


   Skills:
 - Level 2.6 Stealth
 - Level 2.0 Spellcasting
 * Level 2.0 Conjurations
   Level 1.0 Summonings
   Level 4.4 Translocations
   Level 1.7 Ice Magic
 * Level 2.0 Poison Magic


You had 5 spell levels left.
You knew the following spells:

 Your Spells              Type           Power        Failure   Level  Hunger
a - Sting                 Conj/Pois      #...         11%         1    ##.....


Dungeon Overview and Level Annotations

Branches:
Dungeon (4/15)
 Temple: D:4-7

Altars:
Ashenzari
Uskayaw
Yredelemnul

Annotations:
D:3 Ijyb, Sigmund
D:4 Blork the orc, Dowan, Duvessa


Innate Abilities, Weirdness & Mutations

You cannot wear armour.
You are incapable of wielding weapons or throwing items.
Your paws allow you to move quietly. (Stealth)
You have sharp claws.
You have razor-sharp teeth.
You have supernaturally acute eyesight. (SInv)
You are carnivorous and can eat meat at any time.
You cover ground quickly.
You are covered in fur. (AC +1)
You have a slow metabolism.
Your sharp claws are effective at attacking unaware monsters.


Message History

As you read the scroll labeled XOAJOS DEPT, it crumbles to dust.
It is a scroll of enchant armour.
You aren't carrying any armour which can be enchanted further.
The adder closely misses you.
As you read the scroll labeled HAUTOT JEMNEID, it crumbles to dust.
It is a scroll of identify.
You don't have any unidentified items.
The adder bites you.
* * * LOW HITPOINT WARNING * * *
You are lethally poisoned!
The adder poisons you!
Unknown command.
You aren't carrying any potions.
Unknown command.
* * * LOW HITPOINT WARNING * * *
You feel sick.
* * * LOW HITPOINT WARNING * * *
You feel sick.
Unknown command.
Are you sure you want to abandon this character and quit the game? (Confirm with "yes".)

.
##################.#
.......@S..........
########........#
#.......$#
#........#
######o### a
#.####### ....
#.......# ....##
##........ )....###
#.o.......


You could see an adder and an orc.

Vanquished Creatures
  A worker ant (D:4)
  An adder (D:3)
  An adder skeleton (D:4)
  A leopard gecko (D:3)
  A bat (D:1)
  A goblin (D:2)
  A hobgoblin (D:3)
  A quokka (D:2)
  A ball python (D:1)
  3 frilled lizards
  2 kobolds (D:3)
  A rat (D:3)
15 creatures vanquished.

Vanquished Creatures (others)
  4 toadstools (D:1)
4 creatures vanquished.

Grand Total: 19 creatures vanquished

Notes
Turn   | Place    | Note
-------+----------+-------------------------------------------
     0 | D:1      | 4thArraOfDagon the Felid Wanderer began the quest for the Orb.
     0 | D:1      | 4thArraOfDagon set off with: a book of Spatial Translocations, the Grimoire of Poisoning, the Incunabulum of Snow, a ration
     0 | D:1      | Reached XP level 1. HP: 7/7 MP: 4/4
     0 | D:1      | Identified the Grimoire of Poisoning
     0 | D:1      | Identified the Incunabulum of Snow
     2 | D:1      | Learned a level 1 spell: Sting
    86 | D:2      | Noticed a bullfrog
   174 | D:3      | Noticed Sigmund
   231 | D:4      | Reached skill level 1 in Conjurations
   231 | D:4      | Reached skill level 1 in Poison Magic
   231 | D:4      | Reached XP level 2. HP: 2/11 MP: 6/6
   306 | D:4      | Noticed Blork the orc
   309 | D:4      | Reached XP level 3. HP: 7/14 MP: 2/7
   341 | D:3      | Found a hide-covered altar of Uskayaw.
   351 | D:3      | Noticed Ijyb
   501 | D:3      | Found a basalt altar of Yredelemnul.
   503 | D:3      | Found a shattered altar of Ashenzari.
   620 | D:4      | Noticed Dowan
   622 | D:4      | Noticed Duvessa
   637 | D:4      | Quit the game

Vault maps used:
D:1:      ldierk_walled_garden_2
D:3:      nicolae_overflow_hidden_temple, eat_drink_and_be_merry_uskayaw,
          minitemple, uniq_ijyb, uniq_sigmund
D:4:      grunt_gozag_breadcrumbs, temple_statues, uniq_duvessa, uniq_robin,
          uniq_blork_the_orc

Skill      XL: |  1  2  3 |
---------------+----------+-----
Conjurations   | 1 2 |  2.0
Poison Magic   | 1 2 |  2.0
Stealth        | |  2.6
Spellcasting   | |  2.0
Summonings     | |  1.0
Translocations | |  4.4
Ice Magic      | |  1.7

Action                   || total
-------------------------++-------
Melee: Unarmed           ||     8
       Bite              ||     1
 Cast: Sting             ||    27
  Use: Potion            ||     1
       Scroll            ||     2
 Stab: Sleeping          ||     1
  Eat: Chunk             ||     4
Dodge: Dodged            ||     5

Table legend:
 A = Spawn XP
 B = Non-spawn XP
 C = Spawn XP percentage of total XP
 D = Spawn monster count
 E = Non-spawn monster count
 F = Spawn count percentage of total count
 G = Total turns spent on level
                    A         B        C        D         E        F      G
               +---------+---------+-------+---------+---------+-------+---------
         Total |       0 |      71 |   0.0 |       0 |      15 |   0.0 |   637
               +---------+---------+-------+---------+---------+-------+---------
           D:1 |       0 |       3 |   0.0 |       0 |       2 |   0.0 |   134
           D:2 |       0 |       6 |   0.0 |       0 |       4 |   0.0 |    60
           D:3 |       0 |      23 |   0.0 |       0 |       7 |   0.0 |   323
           D:4 |       0 |      39 |   0.0 |       0 |       2 |   0.0 |   120
               +---------+---------+-------+---------+---------+-------+---------
